Workbook
Name ADM_CENTRAL: #REF!
Name ADM_LOCAL: #REF!
Name BDI_CD_MATBETUM: '[1]BDI (MAT BETUM)'!$D$25
Name BDI_GERAL: #REF!
Name BDI_SERV_TERC: #REF!
Name CHECAGEM: CHOOSE([2]PARÂMETROS!$A$7,[2]PARÂMETROS!$B$7)
Name COFINS: #REF!
Name CUSTO_UNIT_100000: '[1]100000'!$J$46
Name CUSTO_UNIT_100001: '[1]100001'!$J$51
Name CUSTO_UNIT_100002: '[1]100002'!$J$44
Name CUSTO_UNIT_100003: '[1]100003'!$J$46
Name CUSTO_UNIT_100004: '[1]100004'!$J$58
Name CUSTO_UNIT_100005: '[1]100005'!$J$43
Name CUSTO_UNIT_100006: '[1]100006'!$J$43
Name CUSTO_UNIT_100007: '[1]100007'!$J$42
Name CUSTO_UNIT_100008: '[1]100008'!$J$42
Name CUSTO_UNIT_100009: '[1]100009'!$J$42
Name CUSTO_UNIT_100010: '[1]100010'!$J$53
Name CUSTO_UNIT_100011: '[1]100011'!$J$44
Name CUSTO_UNIT_100012: '[1]100012'!$J$47
Name CUSTO_UNIT_100013: '[1]100013'!$J$53
Name CUSTO_UNIT_100014: '[1]100014'!$J$46
Name CUSTO_UNIT_100015: '[1]100015'!$J$51
Name CUSTO_UNIT_100016: '[1]100016'!$J$45
Name CUSTO_UNIT_2S0110009A: '[1]2 S 01 100 09 A'!$J$45
Name CUSTO_UNIT_2S0110020A: '[1]2 S 01 100 20 A'!$J$45
Name CUSTO_UNIT_2S0230000A: '[1]2 S 02 300 00 A'!$J$44
Name CUSTO_UNIT_2S0240000A: '[1]2 S 02 400 00 A'!$J$44
Name CUSTO_UNIT_2S0254001A: '[1]2 S 02 540 01 A'!$J$46
Name CUSTO_UNIT_2S0332951A: '[1]2 S 03 329 51 A'!$J$46
Name CUSTO_UNIT_5747A: '[1]5747A'!$J$43
Name CUSTO_UNIT_5747B: '[1]5747B'!$J$43
Name CUSTO_UNIT_5S0110020A: '[1]5 S 01 100 20 A'!$J$45
Name CUSTO_UNIT_73692A: '[1]73692A'!$J$42
Name CUSTO_UNIT_73994_001A: '[1]73994_001A'!$J$42
Name CUSTO_UNIT_99997: '[1]99997'!$J$46
Name CUSTO_UNIT_99999: '[1]99999'!$J$54
Name DESP_FINANC: #REF!
Name FATOR_CORR_PAVIM: '[1]PREÇOS MAT BETUM'!$E$87
Name GARANTIAS: #REF!
Name ISS: #REF!
Name LUCRO: #REF!
Name Macro1: [3]!Macro1
Name PIS: #REF!
Name RISCOS: #REF!
Name SUBTOTAL_01: '[1]PSP-PAV_DREN_OAE EPIG'!$I$9
Name SUBTOTAL_02: '[1]PSP-PAV_DREN_OAE EPIG'!$I$46
Name SUBTOTAL_03: '[1]PSP-PAV_DREN_OAE EPIG'!$I$72
Name SUBTOTAL_04: '[1]PSP-PAV_DREN_OAE EPIG'!$I$83
Name SUBTOTAL_05: '[1]PSP-PAV_DREN_OAE EPIG'!$I$130
Name SUBTOTAL_06: '[1]PSP-PAV_DREN_OAE EPIG'!$I$169
Name SUBTOTAL_07: '[1]PSP-PAV_DREN_OAE EPIG'!$I$196
Name SUBTOTAL_08: '[1]PSP-PAV_DREN_OAE EPIG'!$I$303
Name SUBTOTAL_09: '[1]PSP-PAV_DREN_OAE EPIG'!$I$318
Name TRIBUTOS: #REF!
Name VALOR_UNIT_100013: '[1]100013'!$J$55

Sheet Original
B1: Serviços topográficos | C1: Unidade | D1: Quantidade | E1: Custo Unitário | F1: Custo total
B2: ART da obra | C2: unid | D2: 1 | E2: 158.08 | F2: =D2*E2 -> 158.08
A3: Total da etapa | F3: =F2 -> 158.08
B4: Barracao (2,2 x 6,20m) | C4: m2 | D4: =2.2*6.2*41 -> 559.24 | E4: 143.67 | F4: =D4*E4 -> 80346.011
G5: Falta Mob/Desmob
B6: Placas (1,00 x 1,50 m) | C6: m2 | D6: 61.5 | E6: 118.63 | F6: =D6*E6 -> 7295.745 | G6: 41 unidades (não bate o quantitativo)
B8: Locação da obra
A9: 78472 | B9: Serviços topográficos | C9: m2 | D9: 63897.13 | E9: 0.34 | F9: =D9*E9 -> 21725.024 | G9: De toda a área
B11: Limpeza e preparo de área
A12: 74151/001 | B12: Limpeza, escavação e carga de material de 1a categoria, utilizando trator de esteiras com lâminca e pá carregadeira | C12: m3 | D12: =D27*0.2*1.25 -> 6920.15 | E12: 3.49 | F12: =D12*E12 -> 24151.323 | G12: Não tem limpeza no titulo original do serviço. Utilizou h=20cm e 25% de empolamento. Deveria ser 10cm sem empolamento
A13: 4101 | B13: Limpeza superficial de camada vegetal | C13: m2 | D13: =D23 -> 36216.53 | E13: 0.18 | F13: =D13*E13 -> 6518.9754 | G13: utilizou área do plantio de grama
A14: 72887 | B14: Transporte comercial com caminhão basculante | C14: m3 x km | D14: =D12*C42 -> 273345.92 | E14: 0.72 | F14: =D14*E14 -> 196809.07 | G14: Só utilizou o volume da escavação e carga. Deveria utilizar dos dois serviços anteriores. Deveria empolar.
B16: Aterro compactado
A17: 6077 | B17: Material para aterro/reaterro, sem transporte | C17: m3 | D17: =D12 -> 6920.15 | E17: 15.28 | F17: =D17*E17 -> 105739.89 | G17: Já está incluso no serviço de pavimentação com blocos.
A18: =A14 -> 72887 | B18: Transporte comercial com caminhão basculante 6m3 | C18: m3 x km | D18: =D17*C43 -> 34600.75 | E18: =E14 -> 0.72 | F18: =D18*E18 -> 24912.54 | G18: Deveria utilizar o volume necessário para compactar o mesmo volume da carga e transporte
A19: 41722 | B19: Compactação mecanica a 100% do proctor normal - Pavimentação urbana | C19: m3 | D19: =D27*0.2 -> 5536.12 | E19: 4.33 | F19: =D19*E19 -> 23971.4 | G19: Já está incluso no serviço de pavimentação com blocos.
A20: Total da etapa | F20: =SUM(F4:F19) -> 491469.98
B21: Arquitetura e elementos de urbanismo
B22: Vegetação
A23: 74236/001 | B23: Plantio de grama batatais em placas | C23: m2 | D23: 36216.53 | E23: 8.94 | F23: =D23*E23 -> 323775.78 | G23: Faltou manutenção/irrigação
B25: Pavimentação
A26: 4537 | B26: Cordão de Concreto | C26: m | D26: 18697.73 | E26: 10.78 | F26: =D26*E26 -> 201561.53
A27: 73764/004 | B27: Pavimentação (calçada) em blocos de concreto sextavado, espessura de 6,0cm FCK 35 MPA, assentados sobre colchão de areia | C27: m2 | D27: 27680.6 | E27: 42.67 | F27: =D27*E27 -> 1181131.2
A28: 5319 | B28: Piso com placa cimenticia de alta resistencia, podotátil direcional ou alerta, 40x40cm, E= 3mm | C28: m2 | D28: 63.36 | E28: 56.12 | F28: =D28*E28 -> 3555.7632
A29: Total da etapa | F29: =SUM(F23:F28) -> 1710024.3
A31: 9537 | B31: Limpeza final da obra | C31: m2 | D31: =D9 -> 63897.13 | E31: 1.54 | F31: =D31*E31 -> 98401.58 | G31: Limpeza com ácido muriático
A32: Total da etapa | F32: =F31 -> 98401.58
A34: 4083 | B34: Encarregado | C34: mês | D34: 6 | E34: =20.22/1.8487*1.493*220 -> 3592.5035 | F34: =D34*E34 -> 21555.021
A35: 2707 | B35: Engenheiro | C35: mês | D35: 6 | E35: =98.74/1.8487*1.493*220/2 -> 8771.6072 | F35: =D35*E35 -> 52629.643
A36: Total da etapa | F36: =SUM(F34:F35) -> 74184.664
A38: CUSTO TOTAL | F38: =F36+F32+F29+F20+F3 -> 2374238.6
A39: BDI (23,44%) | F39: =23.44%*F38 -> 556521.52
A40: PREÇO TOTAL DA OBRA | F40: =SUM(F38:F39) -> 2930760.1
B42: DMT Obra/Bota fora (km) | C42: 39.5
B43: DMT Jazida/Obra (km) | C43: 5

Sheet Planilha Estimativa
A3: PREFEITURA MUNICIPAL DE PILAR DO SUL
A4: SECRETARIA DE OBRAS, INFRAESTRUTURA E URBANISMO
A7: Nº do Processo | B7: 849371/2017 - MINISTÉRIO DA CULTURA | F7: Data-base: Tabelas Desoneradas
A8: Objeto: | B8: REFORMA E ADEQUAÇÃO DO CENTRO DE PROMOÇÃO CULTURAL E TURISMO "JOSÉ LUIZ DE MORAES" | I8: SINAPI | J8: JANEIRO/2019
A9: Área: | B9: 1361.84 | C9: m² - Total edificado | I9: Leis Sociais: | J9: 86,73%(HORA) 49,01%(MÊS)
I10: CPOS | J10: 174
I11: Leis Sociais: | J11: 129,24 %
D12: PLANILHA ORÇAMENTÁRIA | I12: FDE | J12: OUTUBRO/2018
I13: Leis Sociais: | J13: 98,89%
I14: BDI | J14: 0.2672
A15: Item | B15: Código | C15: Fonte | D15: Descrição dos Serviços (material + mão de obra) | E15: Unidade | F15: Quant. | G15: Custo Unitário | H15: Custo Unitário C/ BDI 26,72% | I15: Memória de Cálculos | J15: Custo total
A16: 1 | B16: SERVIÇOS PRELIMINARES | I16: TOTAL DA ETAPA | J16: =J18 -> 1069.6
A17: 1.1 | B17: 74209/1 | C17: SINAPI | D17: PLACA DE OBRA EM CHAPA DE ACO GALVANIZADO | E17: m² | F17: 2.5 | G17: 337.63 | H17: =G17*1.2672 -> 427.84474 | I17: PADRÃO DO GOVERNO FEDERAL 1,25M X2,00M | J17: =F17*ROUND(H17,2) -> 1069.6
I18: Sub total | J18: =SUM(J17:J17) -> 1069.6
A20: 2 | D20: DEMOLIÇÕES E RETIRADAS | I20: TOTAL DA ETAPA | J20: =J39 -> 16839.565
A21: 2.1 | B21: 03.02.040 | C21: CPOS | D21: DEMOLIÇÃO DE ALVENARIA DE TIJOLO MACIÇO, DE FORMA MANUAL, SEM REAPROVEITAMENTO. AF_12/2017 | E21: m³ | F21: 12.59 | G21: 51.96 | H21: =G21*1.2672 -> 65.843712 | I21: >DEMOL. DA ESCADA (FUNDOS) = 3,16 M³ >DEMOL. PAREDES ÁREA ADM (0,68 M³ + 1,06 M³ + 0,76 M³) 2,50 M³ >DEMOL. ABERTURA JANELA NA RECEPÇÃO = 0,14 M³ >DEMOL. ALVENARIA DO PALCO= 5,15 M³ >DEMOLIÇÃO DAS RAMPAS ACESSO AO PALCO = 1,64 M³ >TOTAL = 3,16 M³ + 2,50 M³+ 0,14 M³+ 5,15M³ + 1,64 M³ = 12,59 M³ | J21: =F21*ROUND(H21,2) -> 828.9256
A22: 2.2 | B22: 03.01.020 | C22: CPOS | D22: DEMOLIÇÃO MANUAL DE CONCRETO SIMPLES | E22: m³ | F22: 0.98 | G22: 142.89 | H22: =G22*1.2672 -> 181.07021 | I22: >DEMOLIÇÃO DO CONTRAPISO DO PALCO E RAMPAS = 59,50 M² X 0,05 M = 2,98 M³ >DEMOLIÇÃO BASE DO PISO P/ ABERTURA DO BALDRAME= 27,30m X 0,20m X 0,06m = 0,33m³ >TOTAL = 2,98 M³ + 0,33 M³ = 0,98 M³ | J22: =F22*ROUND(H22,2) -> 177.4486
A23: 2.3 | B23: 97634 | C23: SINAPI | D23: DEMOLIÇÃO DE REVESTIMENTO CERÂMICO, DE FORMA MECANIZADA COM MARTELETE, SEM REAPROVEITAMENTO. AF_12/2017 | E23: m² | F23: 648.54 | G23: 10.17 | H23: =G23*1.2672 -> 12.887424 | I23: >DEMOL. PISO TÉRREO = 522,96 M² >DEMOL. AZULEJO COZINHA = 59,30 M² >TOTAL= 582,26 M² | J23: =F23*ROUND(H23,2) -> 8359.6806
A24: 2.4 | B24: 03.04.040 | C24: CPOS | D24: REMOÇÃO DE RODAPÉ CERÂMICO, SEM REAPROVEITAMENTO. | E24: m | F24: 160.71 | G24: 1.95 | H24: =G24*1.2672 -> 2.47104 | I24: RODAPÉ PAV. TÉRREO = 160,71 M | J24: =F24*ROUND(H24,2) -> 396.9537
A25: 2.5 | B25: 97644 | C25: SINAPI | D25: REMOÇÃO DE PORTAS, DE FORMA MANUAL, SEM REAPROVEITAMENTO. AF_12/2017 | E25: m² | F25: 18.04 | G25: 7.36 | H25: =G25*1.2672 -> 9.326592 | I25: >1 PORTA DE 0,80M X 2,10M = 1,68 M² > 2 PORTAS DE 1,60M X 2,10M = 6,72 M² > 1 PORTA DE 2,79 M X 2,10 M = 5,86 M² >TOTAL= 14,26 M² | J25: =F25*ROUND(H25,2) -> 168.3132
A26: 2.6 | B26: 97645 | C26: SINAPI | D26: REMOÇÃO DE JANELAS, DE FORMA MANUAL, SEM REAPROVEITAMENTO. AF_12/2017 | E26: m² | F26: 5.08 | G26: 21.19 | H26: =G26*1.2672 -> 26.851968 | I26: > 1,50M x 1,20M = 1,80M² > 2,20M x 1,20M = 2,64 M² > 0,80 M x 0,80M = 0,64 M² >TOTAL= 5,08 M² | J26: =F26*ROUND(H26,2) -> 136.398
A27: 2.7 | B27: 97640 | C27: SINAPI | D27: REMOÇÃO DE FORROS DE DRYWALL, PVC E FIBROMINERAL, DE FORMA MANUAL, SEM REAPROVEITAMENTO. AF_12/2017 | E27: m² | F27: 550.32 | G27: 1.43 | H27: =G27*1.2672 -> 1.812096 | I27: 432,91 M² (FORRO SUPERIOR) + 117,41 M² (FORRO INFERIOR) = >TOTAL=550,32 M² | J27: =F27*ROUND(H27,2) -> 996.0792
A28: 2.8 | B28: 97643 | C28: SINAPI | D28: REMOÇÃO DE PISO DE MADEIRA (ASSOALHO E BARROTE), DE FORMA MANUAL, SEM REAPROVEITAMENTO. AF_12/2017 | E28: m² | F28: 46.52 | G28: 19.07 | H28: =G28*1.2672 -> 24.165504 | I28: 46,52 | J28: =F28*ROUND(H28,2) -> 1124.3884
A29: 2.9 | B29: 03.08.200 | C29: CPOS | D29: DEMOLIÇAÕ MANUAL DE PAINÉS DIVISORIAS, INCLUSIVE MONTANTES METALICOS | E29: m² | F29: 54.37 | G29: 4.29 | H29: =G29*1.2672 -> 5.436288 | I29: 54.37 | J29: =F29*ROUND(H29,2) -> 295.7728
A30: 2.10 | B30: 97665 | C30: SINAPI | D30: REMOÇÃO DE LUMINÁRIAS, DE FORMA MANUAL, SEM REAPROVEITAMENTO. AF_12/2017 | E30: und | F30: 40 | G30: 1.04 | H30: =G30*1.2672 -> 1.317888 | I30: 40,00 | J30: =F30*ROUND(H30,2) -> 52.8
A31: 2.11 | B31: 04.11.020 | C31: CPOS | D31: RETIRADA DE APARELHO SANITÁRIO INCLUINDO ACESSÓRIOS | E31: und | F31: 2 | G31: 29.04 | H31: =G31*1.2672 -> 36.799488 | I31: 2 BACIAS SANITÁRIAS DOS BANHEIROS ACESSÉVEIS | J31: =F31*ROUND(H31,2) -> 73.6
A32: 2.12 | B32: 97666 | C32: SINAPI | D32: REMOÇÃO DE METÁIS SANITÁRIOS, DE FORMA MANUAL, SEM REAPROVEITAMENTO | E32: und | F32: 2 | G32: 7.25 | H32: =G32*1.2672 -> 9.1872 | I32: 2 TORNEIRAS DOS BANHEIROS ACESSÍVEIS | J32: =F32*ROUND(H32,2) -> 18.38
A33: 2.13 | B33: 97663 | C33: SINAPI | D33: REMOÇÃO DE LOUÇAS, DE FORMA NATURAL, SEM REAPROVEITAMENTO | E33: und | F33: 2 | G33: 9.94 | H33: =G33*1.2672 -> 12.595968 | I33: 2 LAVATÓRIOS DOS BANHEIROS ACESSÍVEIS | J33: =F33*ROUND(H33,2) -> 25.2
A34: 2.14 | B34: 97661 | C34: SINAPI | D34: REMOÇÃO DE CABOS ELÉTRICOS, DE FORMA MANUAL, SEM REAPROVEITAMENTO. AF_ 12/2017 | E34: m | F34: 1600 | G34: 0.54 | H34: =G34*1.2672 -> 0.684288 | I34: 1600 | J34: =F34*ROUND(H34,2) -> 1088
A35: 2.15 | B35: 97647 | C35: SINAPI | D35: REMOÇÃO DE TELHAS, DE FIBROCIMENTO, METÁLICA E CERÂMICA, DE FORMA MANUAL, SEM REAPROVEITAMENTO. AF_12/2017 | E35: m² | F35: 522.56 | G35: 2.68 | H35: =G35*1.2672 -> 3.396096 | I35: 522,56 | J35: =F35*ROUND(H35,2) -> 1776.704
A36: 2.16 | B36: 04.09.060 | C36: CPOS | D36: RETIRADA DE BATENTE, CORRIMÃO OU PEÇAS LINEARES METÁLICAS, CHUMBADOS | E36: m | F36: 7.5 | G36: 6.91 | H36: =G36*1.2672 -> 8.756352 | I36: ESCADA DE ACESSO AO MEZANINO = 2 X 3,75 M = 7,50 M | J36: =F36*ROUND(H36,2) -> 65.7
A37: 2.17 | B37: 72898 | C37: SINAPI | D37: CARGA E DESCARGA MECANIZADAS DE ENTULHO EM CAMINHAO BASCULANTE 6 M3 | E37: m³ | F37: 102.3 | G37: 3.82 | H37: =G37*1.2672 -> 4.840704 | I37: 102,30 | J37: =F37*ROUND(H37,2) -> 495.132
A38: 2.18 | B38: 72900 | C38: SINAPI | D38: TRANSPORTE DE ENTULHO COM CAMINHAO BASCULANTE 6 M3, RODOVIA PAVIMENTADA, DMT 0,5 A 1,0 KM | E38: m³ | F38: 102.3 | G38: 5.86 | H38: =G38*1.2672 -> 7.425792 | I38: 102,30 | J38: =F38*ROUND(H38,2) -> 760.089
G39: Total da etapa | J39: =SUM(J21:J38) -> 16839.565
A41: 3 | B41: AMPLIAÇÃO/ADEQUAÇÃO DO PALCO | I41: TOTAL DA ETAPA | J41: =J65 -> 35306.306
A42: 3.1 | B42: 02.10.020 | C42: CPOS | D42: LOCAÇÃO DE OBRA DE EDIFICAÇÃO | E42: m² | F42: 36.25 | G42: 8.39 | H42: =G42*1.2672 -> 10.631808 | I42: 36,25 M ² (AMPLIAÇÃO DO PALCO + RAMPA DE ACESSO PALCO) | J42: =F42*ROUND(H42,2) -> 385.3375
A43: 3.2 | B43: 96527 | C43: SINAPI | D43: ESCAVAÇÃO MANUAL DE VALA PARA VIGA BALDRAME, COM PREVISÃO DE FÔRMA. AF_06/2017 | E43: m³ | F43: 1.58 | G43: 104.13 | H43: =G43*1.2672 -> 131.95354 | I43: 27,30M X 0,20M X 0,29M = 1,58M³ | J43: =F43*ROUND(H43,2) -> 208.481
A44: 3.3 | B44: 94965 | C44: SINAPI | D44: CONCRETO FCK = 25MPA, TRAÇO 1:2,3:2,7 (CIMENTO/ AREIA MÉDIA/ BRITA 1) - PREPARO MECÂNICO COM BETONEIRA 400 L. AF_07/2016 | E44: m³ | F44: 1.89 | G44: 287.69 | H44: =G44*1.2672 -> 364.56077 | I44: >VIGA BALDRAME = 27,30M X 0,20M X 0,30M = 1,64 M³ >14 PILARES (0,15 MX 0,20M) = 0,60M X 14 UND X 0,15M X 0,20M = 0,252 M³ >TOTAL = 1,89 M³ | J44: =F44*ROUND(H44,2) -> 689.0184
A45: 3.4 | B45: 11.18.040 | C45: CPOS | D45: LASTRO DE PEDRA BRITADA | E45: m³ | F45: 0.27 | G45: 107.37 | H45: =G45*1.2672 -> 136.05926 | I45: 27,30M X 0,20M X 0,05M = 0,27 M³ | J45: =F45*ROUND(H45,2) -> 36.7362
A46: 3.5 | B46: 96546 | C46: SINAPI | D46: ARMAÇÃO DE BLOCO, VIGA BALDRAME OU SAPATA UTILIZANDO AÇO CA-50 DE 10 MM - MONTAGEM. AF_06/2017 | E46: kg | F46: 121.8 | G46: 8.04 | H46: =G46*1.2672 -> 10.188288 | I46: >VIGA BALDRAME = 27,30 M X 4UND X 0,617Kg/m = 67,38 KG >PILARES = 14 UND X 0,60 M X 4 UND X 0,617 KG/M= 20,73 KG >CANALETA ELEV. PALCO = 27,30M X 2 X 0,617 KG/M = 33,69 KG >TOTAL = 67,38 KG + 20,73 KG + 33,69 KG = 121,80 KG | J46: =F46*ROUND(H46,2) -> 1241.142
A47: 3.6 | B47: 96543 | C47: SINAPI | D47: ARMAÇÃO DE BLOCO, VIGA BALDRAME E SAPATA UTILIZANDO AÇO CA-60 DE 5 MM KG - MONTAGEM. AF_06/2017 | E47: kg | F47: 26.73 | G47: 12.35 | H47: =G47*1.2672 -> 15.64992 | I47: >VIGA BALDRAME = (27,30M/ 0,15M) X 0,80 M X 0,154 Kg/m = 22,42KG >PILARES =[ (14UND X 0,60 M) / 0,15 M) X 0,50 X 0,154 = 4,31 KG >TOTAL = 22,42 KG + 4,31 KG = 26,73KG | J47: =F47*ROUND(H47,2) -> 418.3245
A48: 3.7 | B48: 12.01.020 | C48: CPOS | D48: BROCA EM CONCRETO ARMADO DIÂMETRO DE 20 CM - COMPLETA | E48: m | F48: 28 | G48: 43.08 | H48: =G48*1.2672 -> 54.590976 | I48: 14,00 M X 2,00 M = 28 M | J48: =F48*ROUND(H48,2) -> 1528.52
A49: 3.8 | B49: 92269 | C49: SINAPI | D49: FABRICAÇÃO DE FÔRMA PARA PILARES E ESTRUTURAS SIMILARES, EM MADEIRA SERRADA, E=25 MM. AF_12/2015 | E49: m² | F49: 3.36 | G49: 78.93 | H49: =G49*1.2672 -> 100.0201 | I49: PARA EXECUÇÃO DE PILARES (0,15 X 0,20) = 0,60 X 2UND X 14UND X0,20 M= 3,36 M² | J49: =F49*ROUND(H49,2) -> 336.0672
A50: 3.9 | B50: 87455 | C50: SINAPI | D50: ALVENARIA DE VEDAÇÃO DE BLOCOS VAZADOS DE CONCRETO DE 14X19X39CM (ESPESSURA 14CM) DE PAREDES COM ÁREA LÍQUIDA MAIOR OU IGUAL A 6M² SEM VÃOS E ARGAMASSA DE ASSENTAMENTO COM PREPARO EM BETONEIRA. AF_06/2014 | E50: m² | F50: 8.67 | G50: 57.15 | H50: =G50*1.2672 -> 72.42048 | I50: > ELEVAÇÃO DO PALCO = 15,51 M X 0,40 M = 6,20 M² > RAMPA 1 DO PALCO = 10,58M X 0,40M /2= 2,12 M² > RAMPA 2 DO PALCO = 2,88 MX 0,24M /2 = 0,35M² >TOTAL = 6,20 M² + 2,12 M² + 0,35 M² = 8,67 M² | J50: =F50*ROUND(H50,2) -> 627.8814
A51: 3.10 | B51: 93205 | C51: SINAPI | D51: CINTA DE AMARRAÇÃO DE ALVENARIA MOLDADA IN LOCO COM UTILIZAÇÃO DE BLOCOS CANALETA. AF_03/2016 | E51: m | F51: 15.51 | G51: 23.12 | H51: =G51*1.2672 -> 29.297664 | I51: 15,51M | J51: =F51*ROUND(H51,2) -> 454.443
A52: 3.11 | B52: 98561 | C52: SINAPI | D52: IMPERMEABILIZAÇÃO DE PAREDES COM ARGAMASSA DE CIMENTO E AREIA, COM ADITIVO IMPERMEABILIZANTE, E = 2CM. AF_06/2018 | E52: m² | F52: 25.65 | G52: 30.21 | H52: =G52*1.2672 -> 38.282112 | I52: >PALCO A AMPLIAR = 15,51M X 0,60 M X 2 = 18,61 M² >RAMPA 1= [(10,58 M X 0,60M) /2] X 2 = 6,35 M² >RAMPA 2= [(2,88M X 0,24M) / 2] X 2 = 0,69 M² >TOTAL = 18,61M² + 6,35 M² + 0,69 M² = 25,65 M² | J52: =F52*ROUND(H52,2) -> 981.882
A53: 3.12 | B53: 98557 | C53: SINAPI | D53: IMPERMEABILIZAÇÃO DE SUPERFÍCIE COM EMULSÃO ASFÁLTICA, 2 DEMÃOS AF_06/2018 | E53: m² | F53: 25.65 | G53: 28.93 | H53: =G53*1.2672 -> 36.660096 | I53: >PALCO A AMPLIAR = 15,51M X 0,60 M X 2 = 18,61 M² >RAMPA 1= [(10,58 M X 0,60M) /2] X 2 = 6,35 M² >RAMPA 2= [(2,88M X 0,24M) / 2] X 2 = 0,69 M² >TOTAL = 18,61M² + 6,35 M² + 0,69 M² = 25,65 M² | J53: =F53*ROUND(H53,2) -> 940.329
A54: 3.13 | B54: 17.02.220 | C54: CPOS | D54: REBOCO | E54: m² | F54: 37.84 | G54: 8.32 | H54: =G54*1.2672 -> 10.543104 | I54: >PALCO A AMPLIAR = 15,51M X 0,60 M X 2 = 18,61 M² >RAMPA 1= [(10,58 M X 0,60M) /2] X 2 = 6,35 M² >RAMPA 2= [(2,88M X 0,24M) / 2] X 2 = 0,69 M² > PEREDE PALCO EXISTENTE (REBAIXO PALCO): 12,19 m² >TOTAL = 18,61M² + 6,35 M² + 0,69 M²+ 12,19m² =37,84 M² | J54: =F54*ROUND(H54,2) -> 398.8336
A55: 3.14 | B55: 94319 | C55: SINAPI | D55: ATERRO MANUAL DE VALAS COM SOLO ARGILO-ARENOSO E COMPACTAÇÃO MECANIZADA. AF_05/2016 | E55: m³ | F55: 23.86 | G55: 37.57 | H55: =G55*1.2672 -> 47.608704 | I55: >PALCO A AMPLIAR= 19,15 M² X 0,60 M X 1,3 (30% EMPOLAMENTO)= 14,94 M³ >RAMPA 1 = [ (17,10 M² X 0,60 M) / 2] X 1,3 (30% EMPOLAMENTO)= 6,67 M³ >RAMPA 2= [ (5,76 M² X 0,60 M) / 2] X 1,3 (30% EMPOLAMENTO)= 2,25 M³ >TOTAL= 23,86 M³ | J55: =F55*ROUND(H55,2) -> 1135.9746
A56: 3.15 | B56: 93588 | C56: SINAPI | D56: TRANSPORTE COM CAMINHÃO BASCULANTE DE 10 M3, EM VIA URBANA EM LEITO NATURAL (UNIDADE: M3XKM). AF_04/2016 | E56: m³x km | F56: 23.86 | G56: 1.55 | H56: =G56*1.2672 -> 1.96416 | I56: 23,86 m³ X 1 km = 23,86 TRANSPORTE DE SOLO ARGILO -ARENOSO | J56: =F56*ROUND(H56,2) -> 46.7656
A57: 3.16 | B57: 96622 | C57: SINAPI | D57: LASTRO COM MATERIAL GRANULAR, APLICAÇÃO EM PISOS OU RADIERS, ESPESSURA DE *5 CM*. AF_08/2017 | E57: m³ | F57: 4.43 | G57: 89.49 | H57: =G57*1.2672 -> 113.40173 | I57: >BASE PISO PALCO A AMPLIAR/RECOLOCADO= 65,65 M² * 0,05 M = 3,28 M³ >BASE PISO DA RAMPA 1 =17,10 M² * 0,05 M = 0,86 M³ >BASE PISO RAMPA 2= 5,76 M² * 0,05 M =0,29 M³ >TOTAL= 4,43 M³ | J57: =F57*ROUND(H57,2) -> 502.362
A58: 3.17 | B58: 95241 | C58: SINAPI | D58: LASTRO DE CONCRETO MAGRO, APLICADO EM PISOS OU RADIERS, ESPESSURA DE 5 CM. AF_07/2016 | E58: m² | F58: 88.51 | G58: 20.06 | H58: =G58*1.2672 -> 25.420032 | I58: >BASE PISO PALCO A AMPLIAR/RECOLOCADO= 65,65 M² >BASE PISO DA RAMPA 1 =17,10 M² >BASE PISO RAMPA 2= 5,76 M² >TOTAL= 88,51 M² | J58: =F58*ROUND(H58,2) -> 2249.9242
A59: 3.18 | B59: 73655 | C59: SINAPI | D59: PISO EM TABUA CORRIDA DE MADEIRA ESPESSURA 2,5CM FIXADO EM PECAS DE MADEIRA E ASSENTADO EM ARGAMASSA TRACO 1:4 (CIMENTO/AREIA) | E59: m² | F59: 36.25 | G59: 179.34 | H59: =G59*1.2672 -> 227.25965 | I59: >PISO PALCO A AMPLIAR= 19,15 M² >PISO DA RAMPA 1 =17,10 M² >TOTAL = 36,25 M² | J59: =F59*ROUND(H59,2) -> 8238.175
A60: 3.19 | B60: 72193 | C60: SINAPI | D60: RECOLOCACAO DE PISO DE TABUAS DE MADEIRA, CONSIDERANDO REAPROVEITAMENTO DO MATERIAL, INCLUSIVE VIGAMENTO | E60: m² | F60: 46.5 | G60: 58.84 | H60: =G60*1.2672 -> 74.562048 | I60: 46.5 | J60: =F60*ROUND(H60,2) -> 3467.04
A61: 3.20 | B61: 84666 | C61: SINAPI | D61: POLIMENTO E ENCERAMENTO DE PISO EM MADEIRA | E61: m² | F61: 82.75 | G61: 21.72 | H61: =G61*1.2672 -> 27.523584 | I61: >PISO PALCO A AMPLIAR/RECOLOCADO= 65,65 M² >PISO DA RAMPA 1 =17,10 M² >TOTAL = 82,75 M² | J61: =F61*ROUND(H61,2) -> 2277.28
A62: 3.21 | B62: 96358 | C62: SINAPI | D62: PAREDE COM PLACAS DE GESSO ACARTONADO (DRYWALL), PARA USO INTERNO, COM DUAS FACES SIMPLES E ESTRUTURA METÁLICA COM GUIAS SIMPLES, SEM VÃOS. AF_06/2017 | E62: m² | F62: 32.7 | G62: 77.91 | H62: =G62*1.2672 -> 98.727552 | I62: 10,90 M X 3,00M = 32,70M² | J62: =F62*ROUND(H62,2) -> 3228.471
A63: 3.22 | B63: 74072/2 | C63: SINAPI | D63: CORRIMAO EM TUBO ACO GALVANIZADO 2 1/2" COM BRACADEIRA | E63: m | F63: 14.66 | G63: 114.98 | H63: =G63*1.2672 -> 145.70266 | I63: >2 CORRIMÃOS DE 2,88 M = 5,76 M >2 CORRIMÃO 4,45 M > TOTAL = 14,66 M | J63: =F63*ROUND(H63,2) -> 2135.962
A64: 3.23 | B64: 84862 | C64: SINAPI | D64: GUARDA-CORPO COM CORRIMAO EM TUBO DE ACO GALVANIZADO 1 1/2" | E64: m | F64: 14.79 | G64: 201.55 | H64: =G64*1.2672 -> 255.40416 | I64: >14,79 M DE GUARDA - CORPO DA RAMPA 1 ACESSO AO PALCO | J64: =F64*ROUND(H64,2) -> 3777.366
I65: Sub total | J65: =SUM(J42:J64)-0.01 -> 35306.306
A67: 4 | B67: TROCA/MANUTENÇÃO DOS REVESTIMENTOS | I67: TOTAL DA ETAPA | J67: =J72 -> 29150.817
A68: 4.1 | B68: 87251 | C68: SINAPI | D68: REVESTIMENTO CERÂMICO PARA PISO COM PLACAS TIPO ESMALTADA EXTRA DE DIMENSÕES 45X45 CM APLICADA EM AMBIENTES DE ÁREA MAIOR QUE 10 M2. AF_06/2014 | E68: m² | F68: 507.18 | G68: 34.21 | H68: =G68*1.2672 -> 43.350912 | I68: >PAVIMENTO TÉRREO BL 01 = 499,68m² + BANHEIROS ACES. BL 02 = 7,50 = TOTAL = 507,18 M² | J68: =F68*ROUND(H68,2) -> 21986.253
A69: 4.2 | B69: 87265 | C69: SINAPI | D69: REVESTIMENTO CERÂMICO PARA PAREDES INTERNAS COM PLACAS TIPO ESMALTADA EXTRA DE DIMENSÕES 20X20 CM APLICADAS EM AMBIENTES DE ÁREA MAIOR QUE 5M² NA ALTURA INTEIRA DAS PAREDES. AF_06/2014 | E69: m² | F69: 109.73 | G69: 41.96 | H69: =G69*1.2672 -> 53.171712 | I69: >PAREDES DA COZINHA = 50,95 m² + BANHEIROS ACES. BL 02 =58,78 M² = TOTAL = 109,73 M2 | J69: =F69*ROUND(H69,2) -> 5834.3441
A70: 4.3 | B70: 88649 | C70: SINAPI | D70: RODAPÉ CERÂMICO DE 7CM DE ALTURA COM PLACAS TIPO ESMALTADA EXTRA DE DIMENSÕES 45X45CM. AF_06/2014 | E70: m | F70: 160.71 | G70: 5.84 | H70: =G70*1.2672 -> 7.400448 | I70: >RODAPÉ - PAV. TÉRREO = 160,71 M | J70: =F70*ROUND(H70,2) -> 1189.254
A71: 4.4 | B71: 98689 | C71: SINAPI | D71: SOLEIRA EM GRANITO, LARGURA 15 CM, ESPESSURA 2,0 CM. AF_06/2018 | E71: m | F71: 1.44 | G71: 77.26 | H71: =G71*1.2672 -> 97.903872 | I71: >1 PÇ 0,54 M² / 3 PÇS 0,30 M² | J71: =F71*ROUND(H71,2) -> 140.976
I72: Sub total | J72: =SUM(J68:J71)-0.01 -> 29150.817
A74: 5 | B74: TROCA DE FORRO PVC | I74: TOTAL DA ETAPA | J74: =J77 -> 34191.676
A75: 5.1 | B75: 96486 | C75: SINAPI | D75: FORRO DE PVC, LISO, PARA AMBIENTES COMERCIAIS, INCLUSIVE ESTRUTURA DE FIXAÇÃO. AF_05/2017_P | E75: m² | F75: 560.62 | G75: 47.33 | H75: =G75*1.2672 -> 59.976576 | I75: 432,91 M² (FORRO SUPERIOR) + 127,71 M² (FORRO INFERIOR) = 560,62 M² (CONFORME INDICADO EM PROJETO) | J75: =F75*ROUND(H75,2) -> 33625.988
A76: 5.2 | B76: 36246 | C76: SINAPI-I | D76: ACABAMENTO SIMPLES/CONVENCIONAL PARA FORRO PVC, TIPO "U" OU "C", COR BRANCA,COMPRIMENTO 6 M | E76: m | F76: 182.48 | G76: 2.45 | H76: =G76*1.2672 -> 3.10464 | I76: 91,40 M² (FORRO INFERIOR) 91,08 M² (FORRO SUPERIOR) | J76: =F76*ROUND(H76,2) -> 565.688
I77: Sub total | J77: =SUM(J75:J76) -> 34191.676
A79: 6 | B79: ADEQUAÇÃO ÁREA ADMINISTRATIVA | I79: TOTAL DA ETAPA | J79: =J85 -> 7695.3808
A80: 6.1 | B80: 68050 | C80: SINAPI | D80: PORTA DE CORRER EM ALUMINIO, COM DUAS FOLHAS PARA VIDRO, INCLUSO VIDRO LISO INCOLOR, FECHADURA E PUXADOR, SEM GUARNICAO/ALIZAR/VISTA | E80: m² | F80: 5.04 | G80: 356.36 | H80: =G80*1.2672 -> 451.57939 | I80: >1 PORTA 2,40M X 2,10M = 5,04 M² | J80: =F80*ROUND(H80,2) -> 2275.9632
A81: 6.2 | B81: 94585 | C81: SINAPI | D81: JANELA DE ALUMÍNIO DE CORRER, 4 FOLHAS, FIXAÇÃO COM ARGAMASSA, COM VIDROS, PADRONIZADA. AF_07/2016 | E81: m² | F81: 6.24 | G81: 328.28 | H81: =G81*1.2672 -> 415.99642 | I81: >1 JANELA 2,60M X 1,20M = 3,12 M² >1 JANELA 2,60M X 1,20M = 3,12M² >TOTAL = 6,24 M² | J81: =F81*ROUND(H81,2) -> 2595.84
A82: 6.3 | B82: 26.01.080 | C82: CPOS | D82: VIDRO LISO TRANSPARENTE DE 6 MM | E82: m² | F82: 1.8 | G82: 95.32 | H82: =G82*1.2672 -> 120.7895 | I82: >1,50 M X 1,20 M = 1,80M² | J82: =F82*ROUND(H82,2) -> 217.422
A83: 6.4 | B83: 17.02.220 | C83: CPOS | D83: REBOCO | E83: m² | F83: 2.14 | G83: 8.32 | H83: =G83*1.2672 -> 10.543104 | I83: >ABERTURA 1 - 2,5 M + 2,10M + 2,10 M = 6,70M >ABERTURA 2 - 3,35 M + 2,10M + 2,10 M = 7,55M >TOTAL = 14,25 M X 0,15M = 2,14 M² | J83: =F83*ROUND(H83,2) -> 22.5556
A84: 6.5 | B84: 96359 | C84: SINAPI | D84: PAREDE COM PLACAS DE GESSO ACARTONADO (DRYWALL), PARA USO INTERNO, COM DUAS FACES SIMPLES E ESTRUTURA METÁLICA COM GUIAS SIMPLES, COM VÃOS A F_06/2017_P | E84: m² | F84: 24 | G84: 84.95 | H84: =G84*1.2672 -> 107.64864 | I84: 24,00 M² | J84: =F84*ROUND(H84,2) -> 2583.6
I85: Sub total | J85: =SUM(J80:J84) -> 7695.3808
A87: 7 | D87: ADEQUAÇÃO SALÃO | I87: TOTAL DA ETAPA | J87: =J93 -> 14340.999
A88: 7.1 | B88: 74072/3 | C88: SINAPI | D88: CORRIMAO EM TUBO ACO GALVANIZADO 1 1/4" COM BRACADEIRA | E88: m | F88: 7.5 | G88: 86.89 | H88: =G88*1.2672 -> 110.10701 | I88: 2 X 3,75 M = 7,50 M | J88: =F88*ROUND(H88,2) -> 825.825
A89: 7.2 | B89: 24.02.060 | C89: CPOS | D89: PORTA/PORTÃO DE ABRIR EM CHAPA, SOB MEDIDA | E89: m² | F89: 12.58 | G89: 684.4 | H89: =G89*1.2672 -> 867.27168 | I89: >2 PORTAS DE 1,60 M X 2,10M = 6,72 M² (laterais) >1 PORTA DE 2,79M (frente) X 2,10 M = 5,86 M² >TOTAL = 6,72 M² + 5,86 M² = 12,58 M² | J89: =F89*ROUND(H89,2) -> 10910.257
A90: 7.3 | B90: 39615 | C90: SINAPI-I | D90: BARRA ANTIPANICO SIMPLES, CEGA LADO OPOSTO, COR CINZA | E90: und | F90: 3 | G90: 670.09 | H90: =G90*1.2672 -> 849.13805 | I90: >3 PORTAS (FRENTE E LATERAIS) | J90: =F90*ROUND(H90,2) -> 2547.42
A91: 7.4 | B91: 94964 | C91: SINAPI | D91: CONCRETO FCK = 20MPA, TRAÇO 1:2,7:3 (CIMENTO/ AREIA MÉDIA/ BRITA 1) - PREPARO MECÂNICO COM BETONEIRA 400 L. AF_07/2016 | E91: m³ | F91: 0.15 | G91: 280.34 | H91: =G91*1.2672 -> 355.24685 | I91: PARA A RAMPA DE ACESSO AO SALÃO = 0,15 M³ | J91: =F91*ROUND(H91,2) -> 53.2875
A92: 7.5 | B92: 4509 | C92: SINAPI-I | D92: TABUA DE MADEIRA NAO APARELHADA *2,5 X 10 CM (1 X 4 ") PINUS, MISTA OU EQUIVALENTE DA REGIAO | E92: m | F92: 2 | G92: 1.66 | H92: =G92*1.2672 -> 2.103552 | I92: PARA FORMA DA RAMPA DE ACESSO AO SALÃO = 2,00M | J92: =F92*ROUND(H92,2) -> 4.2
G93: Total da etapa | J93: =SUM(J88:J92)+0.01 -> 14340.999
A95: 8 | B95: ADEQUAÇÃO BANHEIROS ACESSÍVEIS - BL 02 | I95: TOTAL DA ETAPA | J95: =J107 -> 6261.908
A96: 8.1 | B96: 30.08.060 | C96: CPOS | D96: BACIA SIFONADA DE LOUÇA PARA PESSOAS COM MOBILIDADE REDUZIDA - 6 LITROS | E96: und | F96: 2 | G96: 527.65 | H96: =G96*1.2672 -> 668.63808 | I96: CONSIDERA AS BACIAS SAN. DOS 2 BANHEIROS ACESSÍVEIS DO BL02 | J96: =F96*ROUND(H96,2) -> 1337.28
A97: 8.2 | B97: 377 | C97: SINAPI-I | D97: ASSENTO SANITARIO DE PLASTICO, TIPO CONVENCIONAL | E97: und | F97: 2 | G97: 25 | H97: =G97*1.2672 -> 31.68 | I97: CONSIDERA OS ASSENTOS DA BACIA SAN. DOS 2 BANHEIROS ACESSÍVEIS DO BL02 | J97: =F97*ROUND(H97,2) -> 63.36
A98: 8.3 | B98: 93396 | C98: SINAPI | D98: BANCADA GRANITO CINZA POLIDO 0,50 X 0,60M, INCL. CUBA DE EMBUTIR OVAL LOUÇA BRANCA 35 X 50CM, VÁLVULA METAL CROMADO, SIFÃO FLEXÍVEL PVC, ENGATE 30CM FLEXÍVEL PLÁSTICO E TORNEIRA CROMADA DE MESA, PADRÃO POPULAR - FORNEC. E INSTALAÇÃO. AF_12/2013 | E98: und | F98: 2 | G98: 481.61 | H98: =G98*1.2672 -> 610.29619 | I98: CONSIDERA OS LAVATÓRIOS DOS 2 BANHEIROS ACESSÍVEIS DO BL02 | J98: =F98*ROUND(H98,2) -> 1220.6
A99: 8.4 | B99: 36207 | C99: SINAPI-I | D99: BARRA DE APOIO EM "L", EM ACO INOX POLIDO 70 X 70 CM, DIAMETRO MINIMO 3 CM | E99: und | F99: 2 | G99: 312.8 | H99: =G99*1.2672 -> 396.38016 | I99: CONSIDERA A BARRA EM L DOS LAVATÓRIOS DOS 2 BANHEIROS ACESSÍVEIS DO BL02 | J99: =F99*ROUND(H99,2) -> 792.76
A100: 8.5 | B100: 23.13.052 | C100: CPOS | D100: PORTA LISA DE MADEIRA, INTERNA, RESISTENTE A UMIDADE "PIM RU", PARA ACABAMENTO EM PINTURA, TIPO ACESSÍVEL, PADRÃO DIMENSIONAL MÉDIO/PESADO, COM FERRAGENS, COMPLETO - 90 X 210 CM | E100: und | F100: 2 | G100: 595.72 | H100: =G100*1.2672 -> 754.89638 | I100: CONSIDERA AS 2 PORTAS DOS BANHEIROS ACESSÍVEIS BL02 | J100: =F100*ROUND(H100,2) -> 1509.8
A101: 8.6 | B101: 30.04.060 | C101: CPOS | D101: REVESTIMENTO EM CHAPA DE AÇO INOXIDÁVEL PARA PROTEÇÃO DE PORTAS, ALTURA DE 40 CM | E101: m | F101: 1.8 | G101: 300.79 | H101: =G101*1.2672 -> 381.16109 | I101: CHAPA DE PROTEÇÃO DAS 2 PORTAS DOS BANHEIROS ACESSÍVEIS BL02 | J101: =F101*ROUND(H101,2) -> 686.088
A102: 8.7 | B102: 37400 | C102: SINAPI-I | D102: PAPELEIRA PLASTICA TIPO DISPENSER PARA PAPEL HIGIENICO ROLAO | E102: und | F102: 2 | G102: 36.85 | H102: =G102*1.2672 -> 46.69632 | J102: =F102*ROUND(H102,2) -> 93.4
A103: 8.8 | B103: 95547 | C103: SINAPI | D103: SABONETEIRA PLASTICA TIPO DISPENSER PARA SABONETE LIQUIDO COM RESERVATORIO 800 A 1500 ML, INCLUSO FIXAÇÃO. AF_10/2016 | E103: und | F103: 2 | G103: 43.32 | H103: =G103*1.2672 -> 54.895104 | J103: =F103*ROUND(H103,2) -> 109.8
A104: 8.9 | B104: 37401 | C104: SINAPI-I | D104: TOALHEIRO PLASTICO TIPO DISPENSER PARA PAPEL TOALHA INTERFOLHADO | E104: und | F104: 2 | G104: 36.85 | H104: =G104*1.2672 -> 46.69632 | J104: =F104*ROUND(H104,2) -> 93.4
A105: 8.10 | B105: 30.01.120 | C105: CPOS | D105: BARRA DE APOIO RETA, PARA PESSOAS COM MOBILIDADE REDUZIDA, EM TUBO DE AÇO INOXIDÁVEL DE 1 1/4´ X 400 MM | E105: und | F105: 2 | G105: 118.03 | H105: =G105*1.2672 -> 149.56762 | I105: CONSIDERA AS 2 PORTAS DOS BANHEIROS ACESSÍVEIS BL02 | J105: =F105*ROUND(H105,2) -> 299.14
A106: 8.11 | B106: 30.06.080 | C106: CPOS | D106: PLACA DE IDENTIFICAÇÃO EM ALUMÍNIO PARA WC, COM DESENHO UNIVERSAL DE ACESSIBILIDADE | E106: und | F106: 2 | G106: 22.21 | H106: =G106*1.2672 -> 28.144512 | I106: CONSIDERA 2 BANHEIROS ACESSÍVEIS BL02 | J106: =F106*ROUND(H106,2) -> 56.28
I107: Sub total | J107: =SUM(J96:J106) -> 6261.908
A109: 9 | B109: COBERTURA | I109: TOTAL DA ETAPA | J109: =J112 -> 75936.886
A110: 9.1 | B110: 94216 | C110: SINAPI | D110: TELHAMENTO COM TELHA METÁLICA TERMOACÚSTICA E = 30 MM, COM ATÉ 2 ÁGUAS, INCLUSO IÇAMENTO. AF_06/2016 | E110: m² | F110: 516.88 | G110: 113.77 | H110: =G110*1.2672 -> 144.16934 | I110: 516,88 (METRAGEM PROJEÇÃO HORIZONTAL) | J110: =F110*ROUND(H110,2) -> 74518.59
A111: 9.2 | B111: 75220 | C111: SINAPI | D111: CUMEEIRA EM PERFIL ONDULADO DE ALUMÍNIO | E111: m | F111: 28.4 | G111: 39.41 | H111: =G111*1.2672 -> 49.940352 | I111: 28,40 METROS | J111: =F111*ROUND(H111,2) -> 1418.296
I112: Sub total | J112: =SUM(J110:J111) -> 75936.886
...

Sheet Plan2

Sheet Plan3

Sheet Cronog. Físico-Financeiro
B2: PREFEITURA MUNICIPAL DE PILAR DO SUL
B3: SECRETARIA DE OBRAS, INFRAESTRUTURA E URBANISMO
A7: Nº do Processo | B7: ='Planilha Estimativa'!B7 -> 849371/2017 - MINISTÉRIO DA CULTURA
A8: Objeto | B8: ='Planilha Estimativa'!B8:F8 -> REFORMA E ADEQUAÇÃO DO CENTRO DE PROMOÇÃO CULTURAL E TURISMO "JOSÉ LUIZ DE MORAES"
A9: Área (m²) | B9: ='Planilha Estimativa'!B9 -> 1361.84
A10: CRONOGRAMA FÍSICO-FINANCEIRO | D10: PRAZO DA OBRA
D11: 10 meses
A12: ITEM | B12: DESCRIMINAÇÃO | C12: ETAPA | D12: 1 MÊS | E12: 2 MÊS | F12: 3 MÊS | G12: 4 MÊS | H12: 5 MÊS | I12: 6 MÊS | J12: 7 MÊS | K12: 8 MÊS | L12: 9 MÊS | M12: 10 MÊS
A13: ='Planilha Estimativa'!A16 -> 1 | B13: ='Planilha Estimativa'!B16 -> SERVIÇOS PRELIMINARES | C13: ='Planilha Estimativa'!J16 -> 1069.6 | D13: 1
B14: % | C14: =C13/C42 -> 0.0028632478 | D14: =$C$13*D13 -> 1069.6
A15: ='Planilha Estimativa'!A20 -> 2 | B15: ='Planilha Estimativa'!D20 -> DEMOLIÇÕES E RETIRADAS | C15: ='Planilha Estimativa'!J20 -> 16839.565 | D15: 0.9807 | G15: 0.0193
B16: % | C16: =C15/C42 -> 0.045078391 | D16: =$C$15*D15 -> 16514.561 | G16: =$C$15*G15 -> 325.00361
A17: 3 | B17: ='Planilha Estimativa'!B41:H41 -> AMPLIAÇÃO/ADEQUAÇÃO DO PALCO | C17: ='Planilha Estimativa'!J41 -> 35306.306 | D17: 0.2 | E17: 0.3 | F17: 0.3 | G17: 0.2
B18: % | C18: =C17/C42 -> 0.094512624 | D18: =$C$17*D17 -> 7061.2612 | E18: =$C$17*E17 -> 10591.892 | F18: =$C$17*F17 -> 10591.892 | G18: =$C$17*G17 -> 7061.2612
A19: 4 | B19: ='Planilha Estimativa'!B67:H67 -> TROCA/MANUTENÇÃO DOS REVESTIMENTOS | C19: ='Planilha Estimativa'!J67 -> 29150.817 | D19: 0.2 | E19: 0.2 | F19: 0.2 | G19: 0.3781 | H19: 0.0219
B20: % | C20: =C19/C42 -> 0.078034791 | D20: =$C$19*D19 -> 5830.1634 | E20: =$C$19*E19 -> 5830.1634 | F20: =$C$19*F19 -> 5830.1634 | G20: =$C$19*G19 -> 11021.924 | H20: =$C$19*H19 -> 638.40289
A21: 5 | B21: ='Planilha Estimativa'!B74:H74 -> TROCA DE FORRO PVC | C21: ='Planilha Estimativa'!J77 -> 34191.676 | H21: 1
B22: % | C22: =C21/C42 -> 0.091528832 | H22: =$C$21*H21 -> 34191.676
A23: 6 | B23: ='Planilha Estimativa'!B79:H79 -> ADEQUAÇÃO ÁREA ADMINISTRATIVA | C23: ='Planilha Estimativa'!J79 -> 7695.3808 | G23: 1
B24: % | C24: =C23/C42 -> 0.02060002 | G24: =$C$23*G23 -> 7695.3808
A25: ='Planilha Estimativa'!A87 -> 7 | B25: ='Planilha Estimativa'!D87 -> ADEQUAÇÃO SALÃO | C25: ='Planilha Estimativa'!J87 -> 14340.999 | E25: 0.5 | F25: 0.5
B26: % | C26: =C25/C42 -> 0.038389897 | E26: =C25*E25 -> 7170.4996 | F26: =C25*F25 -> 7170.4996
A27: 8 | B27: ='Planilha Estimativa'!B95:H95 -> ADEQUAÇÃO BANHEIROS ACESSÍVEIS - BL 02 | C27: ='Planilha Estimativa'!J95 -> 6261.908 | G27: 0.5 | H27: 0.5
B28: % | C28: =C27/C42 -> 0.01676271 | G28: =C27*G27 -> 3130.954 | H28: =C27*H27 -> 3130.954
A29: 9 | B29: ='Planilha Estimativa'!B109:H109 -> COBERTURA | C29: ='Planilha Estimativa'!J112 -> 75936.886 | I29: 0.5 | J29: 0.5
B30: % | C30: =C29/C42 -> 0.20327797 | I30: =C29*I29 -> 37968.443 | J30: =C29*J29 -> 37968.443
A31: 10 | B31: ='Planilha Estimativa'!B114:H114 -> ADEQUAÇÃO ELÉTRICA | C31: ='Planilha Estimativa'!J134 -> 16197.47 | F31: 1
B32: % | C32: =C31/C42 -> 0.043359545 | F32: =C31*F31 -> 16197.47
A33: 11 | B33: ='Planilha Estimativa'!B136:H136 -> PINTURA EM GERAL | C33: ='Planilha Estimativa'!J136 -> 45498.244 | L33: 0.5 | M33: 0.5
B34: % | C34: =C33/C42 -> 0.12179576 | L34: =C33*L33 -> 22749.122 | M34: =C33*M33 -> 22749.122
A35: 12 | B35: ='Planilha Estimativa'!B143:H143 -> ROTA ACESSÍVEL | C35: ='Planilha Estimativa'!J143 -> 3200.854 | K35: 1
B36: % | C36: =C35/C42 -> 0.0085684724 | K36: =C35*K35 -> 3200.854
A37: 13 | B37: ='Planilha Estimativa'!B150:H150 -> SISTEMA DE PREVENÇÃO E COMBATE A INCÊNDIO | C37: ='Planilha Estimativa'!J150 -> 82615.396 | J37: 0.5 | K37: 0.5
B38: % | C38: =C37/C42 -> 0.2211559 | J38: =C37*J37 -> 41307.698 | K38: =C37*K37 -> 41307.698
A39: 14 | B39: ='Planilha Estimativa'!B223:H223 -> SEVIÇOS FINAIS | C39: ='Planilha Estimativa'!J223 -> 5256.7024 | M39: 1
B40: % | C40: =C39/C42 -> 0.014071841 | M40: =C39*M39 -> 5256.7024
A42: RESUMO DO ORÇAMENTO | C42: =C13+C15+C17+C19+C21+C23+C25+C27+C29+C31+C33+C35+C37+C39 -> 373561.8
A43: TOTAL (R$) | D43: =D14+D16+D18+D20 -> 30475.586 | E43: =E18+E20+E26 -> 23592.555 | F43: =F18+F20+F26+F32 -> 39790.025 | G43: =G16+G18+G20+G24+G28 -> 29234.524 | H43: =H20+H22+H28 -> 37961.032 | I43: =I30 -> 37968.443 | J43: =J30+J38 -> 79276.141 | K43: =K36+K38 -> 44508.552 | L43: =L34 -> 22749.122 | M43: =M34+M40 -> 28005.824
A44: TOTAL (%) | D44: =D43/C42 -> 0.081581109 | E44: =E43/C42 -> 0.063155694 | F44: =F43/C42 -> 0.10651524 | G44: =G43/C42 -> 0.078258867 | H44: =H43/C42 -> 0.10161915 | I44: =I43/C42 -> 0.10163899 | J44: =J43/C42 -> 0.21221693 | K44: =K43/C42 -> 0.11914642 | L44: =L43/C42 -> 0.060897881 | M44: =M43/C42 -> 0.074969722
A45: ACUMULADO (R$) | D45: =D43 -> 30475.586 | E45: =D45+E43 -> 54068.141 | F45: =F43+E45 -> 93858.166 | G45: =F45+G43 -> 123092.69 | H45: =G45+H43 -> 161053.72 | I45: =H45+I43 -> 199022.16 | J45: =I45+J43 -> 278298.31 | K45: =J45+K43 -> 322806.86 | L45: =K45+L43 -> 345555.98 | M45: =L45+M43 -> 373561.8
A46: ACUMULADO (%) | D46: =D44 -> 0.081581109 | E46: =D46+E44 -> 0.1447368 | F46: =F44+E46 -> 0.25125204 | G46: =F46+G44 -> 0.32951091 | H46: =G46+H44 -> 0.43113006 | I46: =H46+I44 -> 0.53276904 | J46: =I46+J44 -> 0.74498598 | K46: =J46+K44 -> 0.8641324 | L46: =K46+L44 -> 0.92503028 | M46: =L46+M44 -> 1
A47: OBS.: 1 - OS PRAZOS DAS ETAPAS SERÃO CONSIDERADOS A PARTIR DA DATA DA ASSINATURA DA ORDEM DE SERVIÇO INICIAL EMITIDA PELO PREFEITURA.
B50: Pilar do Sul, 18 de Fevereiro de 2019
